AoeStats
← Blei Blei

Arena

510132761Analyzed
2v2 RM · 3d ago on Sep 29, 2026· 71m 21s· 4 players
Game mode
Random Map
Map size
Medium (4 player)
Population
200
Speed
Normal
Resources
Standard
Victory
Conquest
Starting age
Dark Age
Ending age
Imperial Age
RankedLock teamsTeams togetherTeam positionsShared explorationLock speedFull tech treeHidden civsTurbo modeCheats
Victory
Defeat
🇵🇪 Spanish · Peru
954
+15
🇵🇪 Persians · Peru
852
+20
🇱🇻 Khmer · Latvia
938
-18
🇱🇻 Franks · Latvia
920
-22
CHARLE§ITHO☻
10:41 Feudal Age
11:05 Double-Bit Axe
11:01 Horse Collar
15:53 Castle Age
15:01 Gold Mining
15:01 Stone Mining
15:08 Stone Mining
18:31 Squires
22:52 Pikeman
24:49 Loom
24:54 Town Watch
25:47 Wheelbarrow
26:03 Arson
28:02 Scale Mail Armor
27:54 Fletching
30:43 Imperial Age
29:16 Chain Mail Armor
29:05 Padded Archer Armor
29:27 Husbandry
29:41 Scale Barding Armor
29:46 Forging
30:41 Hand Cart
30:26 Town Patrol
30:19 Fletching
31:10 Gold Shaft Mining
31:10 Stone Shaft Mining
31:38 Hoardings
30:57 Cavalier
32:19 Ballistics
33:02 Chemistry
33:06 Heavy Plow
33:17 Bow Saw
34:03 Stone Shaft Mining
34:45 Halberdier
36:12 Chain Barding Armor
36:36 Iron Casting
35:27 Savar
36:04 Light Cavalry
36:56 Bloodlines
37:14 Elite War Elephant
44:55 Ballistics
45:14 Plate Barding Armor
45:39 Blast Furnace
55:30 Hussar
57:42 Blast Furnace
56:19 Heavy Scorpion
57:08 Murder Holes
Blei Blei
12:18 Feudal Age
17:58 Castle Age
16:44 Stone Mining
17:12 Double-Bit Axe
23:07 Wheelbarrow
24:14 Horse Collar
25:04 Heavy Plow
26:49 Hand Cart
26:55 Gold Mining
27:41 Stone Shaft Mining
31:34 Imperial Age
29:56 Town Watch
29:58 Loom
30:42 Bow Saw
31:55 Town Patrol
32:45 Ballistics
33:52 Conscription
33:52 Scale Barding Armor
33:59 Forging
33:43 Pikeman
34:09 Arson
34:26 Squires
35:33 Chemistry
34:55 Halberdier
35:40 Scale Mail Armor
36:41 Elite Conquistador
38:52 Two-Man Saw
43:38 Onager
44:38 Cavalier
45:18 Husbandry
45:45 Chain Barding Armor
46:00 Iron Casting
46:22 Bloodlines
46:59 Paladin
49:08 Plate Barding Armor
49:34 Blast Furnace
51:34 Caravan
55:26 Light Cavalry
57:49 Chain Mail Armor
57:37 Hussar
59:28 Plate Mail Armor
MasterEdzis
11:01 Feudal Age
12:01 Double-Bit Axe
16:09 Castle Age
14:29 Horse Collar
18:11 Bow Saw
21:18 Heavy Plow
23:25 Husbandry
25:23 Wheelbarrow
25:08 Scale Barding Armor
25:14 Forging
26:43 Chain Barding Armor
26:38 Bloodlines
25:55 Light Cavalry
27:21 Hand Cart
27:37 Ballistics
30:58 Imperial Age
30:17 Iron Casting
32:27 Plate Barding Armor
32:52 Blast Furnace
31:17 Hussar
33:03 Chemistry
31:57 Heavy Scorpion
33:23 Gold Mining
33:59 Siege Engineers
36:05 Conscription
35:46 Double Crossbow
38:04 Gold Shaft Mining
YourPotato
0:36 Loom
7:49 Loom
12:15 Feudal Age
15:16 Town Watch
15:29 Double-Bit Axe
19:41 Castle Age
18:50 Forging
18:45 Scale Barding Armor
18:31 Fletching
20:33 Husbandry
22:40 Fervor
22:51 Sanctity
24:52 Bow Saw
24:35 Gold Mining
24:35 Stone Mining
27:02 Iron Casting
26:52 Stone Mining
28:38 Chain Barding Armor
30:05 Masonry
30:17 Ballistics
29:42 Treadmill Crane
33:24 Imperial Age
31:10 Devotion
31:23 Bodkin Arrow
35:19 Block Printing
35:40 Theocracy
35:31 Illumination
34:30 Cavalier
35:34 Town Patrol
37:14 Blast Furnace
37:52 Gold Shaft Mining
37:42 Conscription
38:19 Hoardings
38:16 Caravan
38:47 Coinage
39:08 Paladin
41:07 Chivalry
42:04 Elite Skirmisher
47:38 Plate Barding Armor
47:04 Padded Archer Armor
Connection lost

Rejoining the realm…

Still unreachable

The connection could not be restored.

Session expired

The server has moved on; the page needs a fresh start.